 Dungeon Crawl Stone Soup version 0.20.1-1-g8b1a95d (webtiles) character file.

324 JackS81 the Poker (level 6, 0/72 HPs)
             Began as a Demonspawn Chaos Knight on Aug 21, 2017.
             Succumbed to an orange demon's poison
             ... on level 3 of the Dungeon.
             The game lasted 00:11:30 (2066 turns).

JackS81 the Poker (Demonspawn Chaos Knight)         Turns: 2066, Time: 00:11:30

Health: 0/72       AC:  7    Str: 22    XL:     6   Next: 23%
Magic:  6/6        EV: 16    Int: 13    God:    Xom [......]
Gold:   95         SH:  0    Dex: 17    Spells: 5/5 levels left

rFire    . . .     SeeInvis .   a - +1 spear (chaos)
rCold    . . .     Gourm    .   (no shield)
rNeg     . . .     Faith    .   b - +3 leather armour
rPois    .         Spirit   .   (helmet restricted)
rElec    .         Reflect  .   (no cloak)
rCorr    .         Harm     .   (no gloves)
MR       .....                  (no boots)
Stlth    ..........             (no amulet)
Regen    0.3/turn               (no ring)
MPRegen  0.1/turn               (no ring)

@: agile, berserking, lethally poisoned (0 -> -15), very quick
A: antennae 1, rugged brown scales 1, powered by death 1, strong 1
a: Renounce Religion


You were on level 3 of the Dungeon.
You worshipped Xom.
You were a very special plaything of Xom.
You were not hungry.

You visited 1 branch of the dungeon, and saw 3 of its levels.

You collected 95 gold pieces.

Inventory:

Hand Weapons
 a - a +1 spear of chaos (weapon)
Missiles
 n - 43 stones (quivered)
Armour
 b - a +3 leather armour (worn)
 w - a +0 plate armour
Jewellery
 v - an uncursed amulet of faith {unknown}
Scrolls
 d - 2 scrolls of fear
 j - 4 scrolls of remove curse
 o - 2 scrolls of identify
Potions
 e - 2 potions of curing
 f - a potion of agility
 g - 2 potions of degeneration {unknown}
 h - a potion of might {unknown}
 i - 2 potions of mutation
 k - 2 potions of haste
 r - a potion of berserk rage
Comestibles
 c - 3 bread rations
 q - 3 fruits
 s - 5 chunks of flesh


   Skills:
 - Level 3.0 Fighting
 * Level 6.4 Polearms
 - Level 1.7 Armour
 - Level 0.8 Dodging


You had 5 spell levels left.
You didn't know any spells.

Dungeon Overview and Level Annotations

Branches:
Dungeon (3/15)

Altars:
Qazlal
Ru
Trog
Uskayaw


Innate Abilities, Weirdness & Mutations

You are partially covered in rugged brown scales. (AC +1, +3% HP)
You regenerate a little health from kills.
You have a pair of small antennae on your head.
Your muscles are strong. (Str +2)


Message History

You feel sick.
You puncture the orange demon! You freeze the orange demon.
The orange demon is heavily wounded.
* * * LOW HITPOINT WARNING * * *
You feel sick. The orange demon barely misses you.
The orange demon closely misses you.
You completely miss the orange demon.
The orange demon is heavily wounded.
* * * LOW HITPOINT WARNING * * *
You feel sick. The orange demon stings you!
* * * LOW HITPOINT WARNING * * *
The orange demon barely misses you.
You puncture the orange demon!
The orange demon is moving more slowly.
The orange demon is severely wounded.
* * * LOW HITPOINT WARNING * * *
You feel sick.
You hit the orange demon.
The orange demon is severely wounded.
You die...
Xom laughs nastily!

.## #.# .# #.#
.# ##.## ##
##...### ###
#......# ..#
#....#.# #.#
#.#.##.# #.#
#.#.##.# #.#
#.#.##@#########
#.#
#.#.##.4.......#
#.##
#.#.##########.#
#..# #.#.# #.#
...# #.#.# #.#
...########.#.#
#.#
.#.....)....#.#
#.#
...##########.#
#.# ##.#
#.##########.#


You could see an orange demon (petrifying).

Vanquished Creatures
  Sigmund (D:2)
  An orc wizard (D:3)
  4 gnolls (D:3)
  6 adders
  3 worms (D:2)
  2 dart slugs (D:1)
  A leopard gecko (D:3)
  An orc (D:3)
  11 hobgoblins
  3 jackals (D:1)
  6 kobolds
  A ball python (D:1)
  5 bats
  7 frilled lizards
  3 goblins
  7 rats
62 creatures vanquished.

Notes
Turn   | Place    | Note
-------+----------+-------------------------------------------
     0 | D:1      | JackS81 the Demonspawn Chaos Knight began the quest for the Orb.
     0 | D:1      | Reached XP level 1. HP: 18/18 MP: 1/1
    61 | D:1      | Reached skill level 3 in Polearms
   110 | D:1      | XOM: harmless Hex miscast
   190 | D:1      | XOM: harmless Necr miscast
   238 | D:1      | Gained mutation: You are partially covered in rugged brown scales. (AC +1, +3% HP) [demonic ancestry]
   238 | D:1      | Reached XP level 2. HP: 18/24 MP: 2/2
   467 | D:1      | XOM: harmless Pois miscast
   871 | D:2      | Noticed a dagger
   922 | D:2      | Reached XP level 3. HP: 29/29 MP: 3/3
   965 | D:2      | Noticed Sigmund
   977 | D:2      | XOM: potion effect (might)
   985 | D:2      | Killed Sigmund
   985 | D:2      | Reached skill level 5 in Polearms
   985 | D:2      | Reached XP level 4. HP: 16/36 MP: 4/4
   985 | D:2      | Gained mutation: You regenerate a little health from kills. [demonic ancestry]
   985 | D:2      | Reached XP level 5. HP: 18/42 MP: 5/5
  1191 | D:2      | Noticed a dagger
  1194 | D:2      | Found a hide-covered altar of Uskayaw.
  1256 | D:2      | Found a stormy altar of Qazlal.
  1345 | D:2      | Noticed a moth of wrath
  1348 | D:2      | Found a bloodstained altar of Trog.
  1390 | D:2      | XOM: cast spell 'Summon Ice Beast'
  1616 | D:3      | Reached skill level 6 in Polearms
  1692 | D:3      | XOM: divination: magic mapping
  1698 | D:3      | Found a sacrificial altar of Ru.
  1701 | D:3      | Reached XP level 6. HP: 28/48 MP: 6/6
  1740 | D:3      | XOM: harmless Hex miscast
  2045 | D:3      | XOM: summons 2 hostile demons
  2046 | D:3      | Noticed an orange demon
  2057 | D:3      | Gained mutation: Your muscles are strong. (Str +2) [potion of mutation]
  2057 | D:3      | Gained mutation: You have a pair of small antennae on your head. [potion of mutation]
  2064 | D:3      | HP: 2/72 [orange demon[Xom] (8)]
  2066 | D:3      | Succumbed to an orange demon's poison

Skill      XL: |  1  2  3  4  5 |
---------------+----------------+-----
Polearms       | 3 5 6 |  6.4
Fighting       | |  3.0
Armour         | |  1.7
Dodging        | |  0.8

Action                   |  1- 3 |  4- 6 || total
-------------------------+-------+-------++-------
Melee: Spear             |    88 |   181 ||   269
Throw: Stone             |       |     4 ||     4
  Use: Potion            |     1 |     4 ||     5
       Scroll            |       |     7 ||     7
 Stab: Petrifying        |     1 |       ||     1
       Sleeping          |       |     2 ||     2
       Paralysed         |       |     1 ||     1
  Eat: Chunk             |       |     4 ||     4
Armor: Leather armour    |    19 |    56 ||    75
Dodge: Dodged            |    33 |    97 ||   130
